 Dungeon Crawl Stone Soup version 0.29-a0-555-g3b24f45cc1 (webtiles) character file.

Game seed: 17619501018944625090

63 zeratav the Chopper (level 3, 0/31 HPs)
             Began as a Minotaur Delver on June 8, 2022.
             Killed by divine providence
             ... invoked by an orc priest
              (10 damage)
             ... on level 5 of the Dungeon.
             The game lasted 00:01:45 (667 turns).

zeratav the Chopper (Minotaur Delver)                Turns: 667, Time: 00:01:45

Health: 0/31       AC:  3    Str: 18    XL:     3   Next: 87%
Magic:  2/2        EV: 11    Int:  7    God:
Gold:   13         SH:  0    Dex: 11    Spells: 2/2 levels left

rFire   . . .      SeeInvis .   h - +3 trident {polearm}
rCold   . . .      Faith    .   (no shield)
rNeg    . . .      Spirit   .   b - +0 leather armour
rPois   .          Reflect  .   (helmet restricted)
rElec   .          Harm     .   (no cloak)
rCorr   .          Rampage  .   (no gloves)
Will    .....                   (no boots)
Stlth   ++........              (no amulet)
HPRegen 0.10/turn               (no ring)
MPRegen 0.08/turn               (no ring)

@: no status effects
A: horns 2, retaliatory headbutt
a: no special abilities


You were on level 5 of the Dungeon.
You visited 1 branch of the dungeon, and saw 1 of its levels.

You collected 13 gold pieces.


Innate Abilities, Weirdness & Mutations

You have a pair of horns on your head.
You reflexively headbutt those who attack you in melee.


   Skills:
 - Level 3.6 Fighting
 + Level 5.1 Axes
 - Level 2.1 Dodging
 - Level 4.1 Stealth


You had 2 spell levels left.
You didn't know any spells.
Your spell library was empty.

Inventory:

Hand Weapons
 a - a +0 hand axe {axe}
 h - a +3 trident (weapon) {polearm}
   (You found it on level 5 of the Dungeon)
Armour
 b - a +0 leather armour (worn)
 e - a +0 leather armour
   (You took it off an orc on level 5 of the Dungeon)
Wands
 g - a wand of digging (3)
Scrolls
 c - a scroll of fog
 d - a scroll of magic mapping {!r}
 i - a scroll of enchant armour {unknown}
Potions
 f - a potion of haste {@q3}

Dungeon Overview and Level Annotations

Branches:
Dungeon (5/15)
 Temple: D:4-7

Altars:

.####### #.####.#.....#
.###.#.###..).#.#.....#.
.#.........)###.#.......
...#######....).#.....###
#### #.######.....# #.#
.#....# #.# #...#
#.########o..#
#......@)oo..#
#.#########....... #..
..####. #### ###


You could see an orc priest and 2 orcs.


Message History

Press: ? - help, Dir - move target, f - gnoll
Aim: a gnoll, wielding a +0 whip (wandering, hasn't noticed you, about 36% to evade your +3 trident)
You reach to attack!
You hit the gnoll. You hit the gnoll. The gnoll hits you with a +0 whip.
HP[-2]
You take 2 damage, and now have 20/31 hp.
You barely miss the gnoll. Your headbutt misses the gnoll.
The gnoll misses you. You furiously retaliate!
You headbutt the gnoll. You barely miss the gnoll. The gnoll misses you.
The gnoll closely misses you.
You puncture the gnoll!
You kill the gnoll!
HP[+1]
You see here a +0 whip {mace}.
j - a +0 chain mail You start resting.
A gnoll is nearby!
HP[+6]
You regained 6 hp, and now have 27/31 hp.
A gnoll is nearby!
Reach: h) +3 trident {polearm}
Press: ? - help, Dir - move target, f - gnoll
Aim: a gnoll, wielding a +0 whip (wandering, hasn't noticed you, about 36% to evade your +3 trident)
You reach to attack!
The gnoll shouts!
You hit the gnoll. You barely miss the gnoll. You headbutt the gnoll.
The gnoll barely misses you.
HP[+1]
You hit the gnoll.
You kill the gnoll!
Your Axes skill increases to level 5!
Things that are here:
a +0 whip {mace}; a gnoll corpse You start resting.
A dart slug comes into view.
Reach: h) +3 trident {polearm}
Press: ? - help, Dir - move target, f - dart slug
Aim: a dart slug (about 7% to evade your +3 trident)
You reach to attack!
You puncture the dart slug!
Reach: h) +3 trident {polearm}
Press: ? - help, Dir - move target, f/p - dart slug
Aim: a dart slug (severely wounded, about 7% to evade your +3 trident)
You puncture the dart slug!
You kill the dart slug!
You start resting.
HP[+3]
Your hp is fully restored (31).
The hound barks!
A hound is nearby!
Reach: h) +3 trident {polearm}
Press: ? - help, Dir - move target, f - hound
Aim: a hound (fire blocked by a translucent rock wall, about 50% to evade your +3 trident)
You can't get through.
Okay, then.
You drop a +0 chain mail.
A hound is nearby!
A sky beast comes into view.
Unknown command.
You see here a +0 chain mail.
Found a stone staircase leading down.
An orc comes into view. It is wielding a +0 dagger.
An orc comes into view.
It is wielding a +0 whip and quivering silver boomerangs.
An orc comes into view. It is wielding a +0 falchion.
The orc throws a silver boomerang.
The silver boomerang hits you.
There is a stone staircase leading down here.
HP[-4]
You take 4 damage, and now have 27/31 hp.
An orc priest comes into view. It is wielding a +0 dagger.
The orc shouts! x2; The orc priest shouts!
The orc throws a silver boomerang.
The silver boomerang hits you.
HP[-6]
You take 6 damage, and now have 21/31 hp.
Reach: h) +3 trident {polearm}
Press: ? - help, Dir - move target, f - orc
Aim: an orc, wielding a +0 dagger (about 40% to evade your +3 trident)
You closely miss the orc. You headbutt the orc, but do no damage.
The orc hits you with a +0 dagger. The orc hits you with a +0 whip.
The orc hits you but does no damage.
HP[-5]
You take 5 damage, and now have 16/31 hp.
The orc attacks as you move away! The orc hits you with a +0 dagger.
* * * LOW HITPOINT WARNING * * *
There is a stone staircase leading down here.
HP[-2]
You take 2 damage, and now have 14/31 hp.
The orc attacks as you move away! The orc hits you with a +0 dagger.
* * * LOW HITPOINT WARNING * * *
HP[-3]
You take 3 damage, and now have 11/31 hp.
The orc attacks as you move away! The orc misses you.
You hit the orc. The orc closely misses you.
HP[+1]
You barely miss the orc. The orc hits you with a +0 dagger.
* * * LOW HITPOINT WARNING * * *
HP[-2]
You take 2 damage, and now have 10/31 hp.
You hit the orc.
You kill the orc!
The orc priest mumbles some strange prayers to Beogh against you.
Beogh smites you!
You die...

Skill      XL: |  1  2  3 |
---------------+----------+-----
Axes           | 4 5 |  5.1
Fighting       | |  3.6
Dodging        | |  2.1
Stealth        | |  4.1

Action                   || total
-------------------------++-------
Melee: Hand axe          ||    15
       Headbutt          ||     7
       Trident           ||    18
  Use: Scroll            ||     1
Armor: Leather armour    ||     2
Dodge: Dodged            ||    16

Levels and vault maps discovered:
D:5:      layout_loops_ring, serial_co_window_serial, co_window_paths_a,
          co_window_corner_a, co_window_of_opportunity_a, co_window_paths_a,
          co_window_of_opportunity_a, co_window_corner_ca, co_window_cross_2,
          co_window_corner_b, co_window_unsneaky_path_a, co_window_broadway_c,
          co_window_paths_c, co_window_4corner_b, co_window_4corner_a,
          lemuel_flamethrower_2, uniq_sigmund

Notes
Turn   | Place    | Note
-------+----------+-------------------------------------------
     0 | D:5      | zeratav the Minotaur Delver began the quest for the Orb.
     0 | D:5      | Reached XP level 1. HP: 19/19 MP: 0/0
     0 | D:5      | magus.rc [v1.9.6]
    35 | D:5      | Noticed an orc priest
    45 | D:5      | Killed an orc priest
   189 | D:5      | Noticed a gnoll shaman
   204 | D:5      | Killed a gnoll shaman
   205 | D:5      | Reached skill level 4 in Axes
   205 | D:5      | Reached XP level 2. HP: 26/26 MP: 1/1
   205 | D:5      | Reached XP level 3. HP: 31/31 MP: 2/2
   206 | D:5      | HP: 3/31 [gnoll/+0 halberd[a gnoll shaman] (10)]
   538 | D:5      | Reached skill level 5 in Axes
   619 | D:5      | Noticed a sky beast
   667 | D:5      | Killed from afar by an orc priest

Vanquished Creatures
  A gnoll shaman (D:5)
  3 gnolls (D:5)
  A dart slug (D:5)
  3 orcs (D:5)
8 creatures vanquished.

Vanquished Creatures (others)
  An orc priest (D:5)
  A gnoll (D:5)
  An orc (D:5)
3 creatures vanquished.

Grand Total: 11 creatures vanquished

Table legend:
 A = Non-vault XP
 B = Vault XP
 C = Vault XP percentage of total XP
 D = Non-vault monster count
 E = Vault monster count
 F = Vault count percentage of total count
                 A         B        C        D         E       F
            +---------+---------+-------+---------+---------+-------
      Total |      93 |       0 |   0.0 |       8 |       0 |   0.0
            +---------+---------+-------+---------+---------+-------
        D:5 |      93 |       0 |   0.0 |       8 |       0 |   0.0
            +---------+---------+-------+---------+---------+-------

Illustrated notes

Table legend:
 A = Kills in this place as a percentage of kills in entire the game.
 B = Kills by you in this place as a percentage of kills by you in the entire game.
 C = Kills by friends in this place as a percentage of kills by friends in the entire game.
 D = Other kills in this place as a percentage of other kills in the entire game.
 E = Experience gained in this place as a percentage of experience gained in the entire game.
 F = Experience gained in this place divided by the number of levels of this place that you have seen.
                   A       B       C       D       E      F
               +-------+-------+-------+-------+-------+----------------------
         Total | 100.0 | 100.0 |   N/A |   N/A | 100.0 |  93.0
       Dungeon | 100.0 | 100.0 |   N/A |   N/A | 100.0 |  93.0
               +-------+-------+-------+-------+-------+----------------------

Table legend: (Time is in decaauts)
 A = Elapsed time spent in this place.
 B = Non-inter-level travel time spent in this place.
 C = Inter-level travel time spent in this place.
 D = Time resting spent in this place.
 E = Time spent auto-exploring this place.
 F = Levels seen in this place.
 G = Mean time per level.
                   A        B        C        D        E       F      G
               +--------+--------+--------+--------+--------+-----+--------+
         Total |    671 |    646 |     25 |    422 |     70 |   1 |  671.0 |
       Dungeon |    671 |    646 |     25 |    422 |     70 |   1 |  671.0 |
               +--------+--------+--------+--------+--------+-----+--------+

Top non-repeatable levels by time:
     D:5: 671 daAuts
